 Dungeon Crawl Stone Soup version 0.29.1-13-g9f3cf754e1 (webtiles) character file.

Game seed: 9686590256111439526

6664 retardedninja the Blocker (level 10, -6/94 HPs)
             Began as a Minotaur Fighter on Jan 19, 2023.
             Killed by divine providence
             ... invoked by an orc priest
              (14 damage)
             ... on level 9 of the Dungeon.
             The game lasted 00:10:35 (9710 turns).

retardedninja the Blocker (Minotaur Fighter)        Turns: 9710, Time: 00:10:36

Health: -6/94      AC: 22    Str: 25    XL:     10   Next: 73%
Magic:  9/9        EV:  8    Int:  5    God:
Gold:   350        SH:  7    Dex: 14    Spells: 9/9 levels left

rFire   . . .      SeeInvis .   q - +6 war axe (protect)
rCold   . . .      Faith    .   c - +0 buckler
rNeg    . . .      Spirit   .   w - +0 chain mail
rPois   +          Reflect  .   (helmet restricted)
rElec   .          Harm     .   r - +1 cloak {rPois}
rCorr   .          Rampage  .   b - +0 pair of gloves
Will    .....                   (no boots)
Stlth   ..........              (no amulet)
HPRegen 0.25/turn               f - +6 ring of dexterity
MPRegen 0.11/turn               m - ring of flight

@: under a protective aura, flying, unable to drink
A: horns 2, retaliatory headbutt, clumsy 1, inability to drink after injury 1,
MP-powered wands
a: no special abilities


You were on level 9 of the Dungeon.
You visited 2 branches of the dungeon, and saw 10 of its levels.

You collected 444 gold pieces.
You spent 94 gold pieces at shops.

Inventory:

Hand Weapons
 q - a +6 war axe of protection (weapon)
Armour
 b - a +0 pair of gloves (worn)
 c - a +0 buckler (worn)
 r - a +1 cloak of poison resistance (worn)
 w - a +0 chain mail (worn)
Jewellery
 a - an amulet of faith
 f - a +6 ring of dexterity (left hand)
 m - a ring of flight (right hand)
 t - a ring of willpower
Wands
 x - a wand of roots (3)
 y - a wand of digging (4)
Scrolls
 g - 5 scrolls of teleportation
 j - a scroll of immolation
 l - 2 scrolls of amnesia
 p - a scroll of butterflies
Potions
 e - 4 potions of attraction
 h - 3 potions of might
 i - a potion of heal wounds {unknown}
 n - 3 potions of magic
 s - a potion of brilliance
 u - 2 potions of flight {unknown}
 v - a potion of curing


   Skills:
 + Level 10.5 Fighting
 + Level 10.2 Axes
 + Level 10.5 Armour
 + Level 10.5 Shields


You had 9 spell levels left.
You didn't know any spells.
Your spell library contained the following spells:

 Spells                   Type           Power      Damage    Failure   Level
 Sandblast                Erth           0%         2d4       97%         1
 Ensorcelled Hibernation  Hex/Ice        0%         N/A       99%         2
 Passwall                 Tmut/Erth      0%         N/A       99%         2
 Static Discharge         Conj/Air       0%         3-3/arc   99%         2
 Confusing Touch          Hex            0%         N/A       100%        3
 Ozocubu's Armour         Ice            0%         N/A       100%        3
 Spider Form              Tmut/Pois      0%         N/A       100%        3
 Stone Arrow              Conj/Erth      0%         3d7       100%        3
 Tukima's Dance           Hex            0%         N/A       100%        3
 Anguish                  Hex/Necr       0%         N/A       100%        4
 Passage of Golubria      Tloc           0%         N/A       100%        4
 Petrify                  Tmut/Erth      0%         N/A       100%        4
 Lightning Bolt           Conj/Air       0%         1d11      100%        5
 Metabolic Englaciation   Hex/Ice        0%         N/A       100%        5
 Yara's Violent Unravell  Hex/Tmut       0%         3d3       100%        5
 Statue Form              Tmut/Erth      0%         N/A       100%        6
 Enfeeble                 Hex            0%         N/A       100%        7
 Ozocubu's Refrigeration  Ice            0%         4d7       100%        7
 Maxwell's Capacitive Co  Air            0%         ∞         100%        8


Dungeon Overview and Level Annotations

Branches:
Dungeon (9/15)             Temple (1/1) D:6
   Lair: D:8-11         Orc: D:9-12

Altars:
Ashenzari
Cheibriados
Dithmenos
Elyvilon
Fedhas
Hepliaklqana
Kikubaaqudgha
Makhleb
Nemelex Xobeh
Okawaru
Qazlal
Ru
Sif Muna
Trog
Uskayaw
Vehumet
Wu Jian
Xom
Yredelemnul
Zin
The Shining One

Shops:
D:4 *


Innate Abilities, Weirdness & Mutations

You have a pair of horns on your head.
You reflexively headbutt those who attack you in melee.
You are clumsy. (Dex -2)
You occasionally lose the ability to drink potions when taking damage.
You expend magic power (3 MP) to strengthen your wands.


Message History

You closely miss the acid dragon. You headbutt the acid dragon!
You kill the acid dragon!
The orc warrior closely misses you. The orc warrior closely misses you.
You block the orc warrior's attack.
The orc warrior hits you from afar with a +0 trident!
An orc priest comes into view.
It is wielding a +1 falchion of electrocution.
The orc warrior hits you from afar with a +0 trident.
The orc priest shouts!
An orc priest comes into view. It is wielding a +0 whip.
The orc warrior closely misses you. You furiously retaliate!
You headbutt the orc warrior! You block the orc warrior's attack.
You hit the orc priest but do no damage.
Your weapon exudes an aura of protection.
You headbutt the orc priest.
The orc priest is moderately wounded.
You block the orc priest's attack.
The orc warrior hits you from afar with a +0 trident!
* * * LOW HITPOINT WARNING * * *
You feel better.
You are no longer corroded.
You block the orc priest's attack. You block the orc warrior's attack.
You hit the orc priest.
The orc priest is severely wounded.
The orc priest mumbles some strange prayers to Beogh against you.
Beogh smites you!
* * * LOW HITPOINT WARNING * * *
The orc warrior hits you but does no damage.
The orc priest invokes the aid of Beogh against you.
Beogh smites you!
* * * LOW HITPOINT WARNING * * *
You closely miss the orc priest.
The orc priest is severely wounded.
The orc priest hits you but does no damage.
The orc warrior hits you but does no damage.
The orc priest calls down the wrath of Beogh upon you.
Beogh smites you!
You feel threatened and lose the ability to drink potions!
You die...

#.# #.# #.# #..
... ..# ## #.# #.#
#.# #.# #.##.# #.#
#.#.##
##o#####....#...
#...@oo.........
#..#####.###.##.
#..# ###.###.#
≈~~~~≈≈≈#.....#
≈#≈≈≈≈~#≈#.##..# #
#≈###≈#≈#.# ....
#≈≈≈≈≈#≈#.###.##.#
≈≈~~~~≈~<....o/.o#
##..#.##..###o....


You could see an orc warrior and 2 orc priests.

Vanquished Creatures
  A centaur warrior (D:8)
  A two-headed ogre (D:8)
  Pikel (D:7)
  A manticore (D:8)
  Joseph (D:7)
  The ghost of sillycutie the Cleaver, a novice MiBe of Trog (D:5)
  Grinder (D:4)
  Prince Ribbit (D:5)
  A wyvern (D:7)
  4 yaks (D:6)
  A steam dragon (D:8)
  2 acid dragons (D:9)
  Edmund (D:6)
  2 water moccasins
  2 black bears
  3 ice beasts
  2 sky beasts (D:6)
  2 centaurs
  A kobold brigand (D:9)
  2 necrophages
  3 scorpions (D:5)
  2 bullfrogs (D:8)
  A wight (D:8)
  2 electric eels (D:8)
  A hound (D:6)
  A jelly (D:5)
  9 orc priests
  7 iguanas
  5 orc wizards
  7 adders
  3 gnolls (D:6)
  A shadow imp (D:7)
  2 white imps
  An ufetubus (D:5)
  4 worms
  A dart slug (D:5)
  34 orcs
  5 ball pythons
  A bat (D:1)
  7 endoplasms
  2 giant cockroaches
  6 goblins
  7 hobgoblins
  7 jackals
  2 quokkas
  3 frilled lizards
  12 kobolds
  2 rats (D:2)
  A spectral kobold (D:1)
  4 bushes (D:4)
174 creatures vanquished.

Vanquished Creatures (others)
  21 fungi (D:9)
  26 plants
47 creatures vanquished.

Grand Total: 221 creatures vanquished

Notes
Turn   | Place    | Note
-------+----------+-------------------------------------------
     0 | D:1      | retardedninja the Minotaur Fighter began the quest for the
                  | Orb.
     0 | D:1      | Reached XP level 1. HP: 19/19 MP: 0/0
   325 | D:1      | Found a faded altar of an unknown god.
   482 | D:1      | Reached XP level 2. HP: 27/27 MP: 1/1
   968 | D:2      | Reached XP level 3. HP: 33/33 MP: 2/2
  1444 | D:3      | Reached XP level 4. HP: 32/40 MP: 3/3
  1643 | D:3      | Reached XP level 5. HP: 45/47 MP: 4/4
  2056 | D:4      | Found Uhitaq's CLEARANCE SALE!.
  2064 | D:4      | Bought a +1 cloak of poison resistance for 94 gold pieces
  2270 | D:4      | Reached skill level 5 in Fighting
  2270 | D:4      | Reached skill level 5 in Armour
  2270 | D:4      | Reached skill level 5 in Shields
  2315 | D:4      | Found a white marble altar of Elyvilon.
  2653 | D:4      | Noticed Grinder
  2655 | D:4      | Paralysed by Grinder for 4 turns
  2661 | D:4      | Killed Grinder
  2662 | D:4      | Reached XP level 6. HP: 39/56 MP: 5/5
  3139 | D:4      | Reached skill level 5 in Axes
  3142 | D:4      | Reached XP level 7. HP: 53/62 MP: 6/6
  3230 | D:4      | Found a shimmering blue altar of Sif Muna.
  3445 | D:5      | Entered Level 5 of the Dungeon
  3814 | D:5      | Found a runed translucent door.
  4123 | D:5      | Noticed Prince Ribbit
  4128 | D:5      | Killed Prince Ribbit
  4129 | D:5      | Reached XP level 8. HP: 58/71 MP: 7/7
  4200 | D:5      | Noticed sillycutie's ghost (novice MiBe)
  4516 | D:5      | Killed sillycutie's ghost
  4915 | D:6      | Found a staircase to the Ecumenical Temple.
  4979 | Temple   | Entered the Ecumenical Temple
  5110 | D:6      | Reached XP level 9. HP: 81/81 MP: 8/8
  5552 | D:6      | Noticed Edmund
  5560 | D:6      | Killed Edmund
  6196 | D:7      | Found a sacrificial altar of Ru.
  6254 | D:7      | Noticed Pikel
  6260 | D:7      | Killed Pikel
  6507 | D:7      | Noticed Joseph
  6517 | D:7      | Killed Joseph
  6785 | D:7      | Reached XP level 10. HP: 48/91 MP: 9/9
  7085 | D:7      | Found an iron altar of Okawaru.
  7195 | D:8      | Found a glowing silver altar of Zin.
  7196 | D:8      | Found a hide-covered altar of Uskayaw.
  7686 | D:8      | Noticed a two-headed ogre
  7698 | D:8      | Killed a two-headed ogre
  7699 | D:8      | Gained mutation: You expend magic power (3 MP) to
                  | strengthen your wands. [potion of mutation]
  7699 | D:8      | Gained mutation: You occasionally lose the ability to drink
                  | potions when taking damage. [potion of mutation]
  7699 | D:8      | Gained mutation: You are clumsy. (Dex -2) [potion of
                  | mutation]
  8880 | D:8      | Found a hazy altar of Hepliaklqana.
  9007 | D:8      | Noticed a manticore
  9014 | D:8      | Killed a manticore
  9015 | D:8      | Reached skill level 10 in Fighting
  9015 | D:8      | Reached skill level 10 in Armour
  9015 | D:8      | Reached skill level 10 in Shields
  9333 | D:8      | Noticed a centaur warrior
  9354 | D:8      | Killed a centaur warrior
  9355 | D:8      | Reached skill level 10 in Axes
  9710 | D:9      | Killed from afar by an orc priest

Illustrated notes

Levels and vault maps discovered:
D:1:      dpeg_arrival_rhombi, layout_loops_ring,
          dreamdust_ecumenical_altar_drowned_temple
D:2:      layout_rooms
D:3:      layout_rooms
D:4:      layout_rooms, kennysheep_orc_sif_temple, elyvilon_altar_1,
          serial_forest, infiniplex_forest_end_3, infiniplex_forest_zigzag_1,
          infiniplex_forest_straight_4, infiniplex_forest_clump_long,
          infiniplex_forest_end_1, infiniplex_forest_join,
          infiniplex_forest_lined_room_, nicolae_shop_clearance, uniq_grinder
D:5:      layout_loops_ring, ebering_ghost_reflecting_pool, uniq_prince_ribbit1
D:6:      layout_cave_pools, lemuel_temple_firewalk_b, supply_closet_lemuel,
          moated_statue, minmay_misc_feat_x, uniq_edmund
D:7:      layout_gridville, nicolae_ru_path_of_blood, okawaru_altar_gauntlet_db,
          uniq_joseph, uniq_pikel
D:8:      minmay_chambers_of_fours, layout_cave_pools,
          nzn_hepliaklqana_mist_gate, mainiacjoe_overflow_catch_the_wave,
          mrwooster_statue_mirror, minmay_curled_crystal
D:9:      layout_loops_ring, due_lair_maze_entry_diamond, enter_bailey_4,
          minmay_crystal_water
Temple:   eino_temple_lava

Skill      XL: |  1  2  3  4  5  6  7  8  9 10 |
---------------+-------------------------------+-----
Armour         | 4 5 6 8 9 10 | 10.5
Fighting       | 4 5 6 8 9 10 | 10.5
Axes           | 3 4 5 6 7 9 10 | 10.2
Shields        | 4 5 6 8 9 10 | 10.5

Action                   |  1- 3 |  4- 6 |  7- 9 | 10-12 || total
-------------------------+-------+-------+-------+-------++-------
Melee: War axe           |    75 |   170 |   136 |    80 ||   461
       Headbutt          |     8 |    39 |    28 |    15 ||    90
  Use: Potion            |       |       |     5 |     5 ||    10
       Scroll            |       |       |    11 |     4 ||    15
 Stab: Invisible         |       |       |       |     1 ||     1
Armor: Scale mail        |    28 |    37 |    48 |       ||   113
       Skin              |       |       |    12 |       ||    12
       Chain mail        |       |       |     8 |    46 ||    54
Dodge: Dodged            |    36 |    39 |    44 |    26 ||   145
Block: Buckler           |    10 |    21 |    49 |    34 ||   114
